 Dungeon Crawl Stone Soup version 0.22.0 (webtiles) character file.

175 letownia2 the Insei (level 5, -1/38 HPs)
             Began as a Demonspawn Transmuter on Aug 11, 2018.
             Slain by Duvessa
             ... wielding a +0 short sword
              (8 damage)
             ... on level 4 of the Dungeon.
             The game lasted 00:04:28 (659 turns).

letownia2 the Insei (Demonspawn Transmuter)          Turns: 659, Time: 00:04:29

Health: -1/38      AC:  6    Str: 11    XL:     5   Next: 29%
Magic:  8/8        EV: 10    Int: 14    God:
Gold:   83         SH:  0    Dex: 14    Spells: 2/8 levels left

rFire    + . .     SeeInvis .     - Unarmed
rCold    . . .     Gourm    .   (no shield)
rNeg     . . .     Faith    .   f - +1 ring mail {rF+}
rPois    .         Spirit   .   (no helmet)
rElec    .         Reflect  .   (no cloak)
rCorr    .         Harm     .   (no gloves)
MR       .....                  (no boots)
Stlth    +.........             i - amulet of magic regeneration
HPRegen  0.12/turn              (no ring)
MPRegen  0.36/turn              (no ring)

@: very slightly contaminated
A: talons 2
a: no special abilities


You were on level 4 of the Dungeon.
You were not hungry.

You visited 1 branch of the dungeon, and saw 4 of its levels.

You collected 83 gold pieces.

Inventory:

Hand Weapons
 g - a +0 hunting sling
Missiles
 a - 32 arrows
 h - a tomahawk (quivered)
Armour
 b - a +0 robe
 f - a +1 ring mail of fire resistance (worn)
Jewellery
 i - an amulet of magic regeneration (around neck)
Wands
 e - a wand of iceblast (6)
Potions
 c - a potion of curing
 j - 2 potions of berserk rage {unknown}
Comestibles
 d - a ration
 k - a chunk of flesh


   Skills:
 + Level 1.7 Fighting
 - Level 1.0 Armour
 - Level 1.7 Dodging
 + Level 4.9 Unarmed Combat
 - Level 2.0 Spellcasting
 - Level 2.1 Transmutations


You had 2 spell levels left.
You knew the following spells:

 Your Spells              Type           Power        Failure   Level  Hunger
a - Beastly Appendage     Tmut           #.....       22%         1    ##.....
l - Sticks to Snakes      Tmut           #.......     34%         2    ###....
p - Spider Form           Tmut/Pois      #.........   71%         3    ####...

Your spell library contained the following spells:

 Spells                   Type           Power        Failure   Level  Hunger
 Blade Hands              Tmut           #.........   99%         5    ######.
 Ice Form                 Ice/Tmut       #.......     98%         4    #####..


Dungeon Overview and Level Annotations

Branches:
Dungeon (4/15)
 Temple: D:4-7

Altars:

Annotations:
D:4 Dowan, Duvessa


Innate Abilities, Weirdness & Mutations

You have razor-sharp toenails.


Message History

Duvessa hits you with a short sword!
Unknown command.
Unknown command.
Unknown command.
Unknown command.
Unknown command.
Unknown command.
Unknown command.
Unknown command.
Dowan gestures wildly while chanting.
Dowan blinks!
Duvessa barely misses you. Duvessa hits you but does no damage.
Duvessa closely misses you. Duvessa hits you but does no damage.
Duvessa hits you but does no damage. Duvessa hits you with a short sword!
* * * LOW HITPOINT WARNING * * *
There is a stone staircase leading up here.
Duvessa hits you with a short sword!
You die...

#. ##.#####
##......##
####........#
###...........#
#.............#
#.............##
.......@.......#
####...e.......#
##..........#
###........#
###......#
##.....##
##.....# ##.####
##.##


You could see Duvessa.

Vanquished Creatures
  A bullfrog (D:2)
  Jessica (D:3)
  A worker ant (D:4)
  3 adders
  5 orcs
  3 giant cockroaches
  5 goblins
  A hobgoblin (D:1)
  3 jackals (D:2)
  3 bats
  2 kobolds (D:2)
  3 rats
31 creatures vanquished.

Vanquished Creatures (collateral kills)
  2 worms
  A bat (D:2)
3 creatures vanquished.

Grand Total: 34 creatures vanquished

Notes
Turn   | Place    | Note
-------+----------+-------------------------------------------
     0 | D:1      | letownia2 the Demonspawn Transmuter began the quest for the Orb.
     0 | D:1      | Reached XP level 1. HP: 15/15 MP: 3/3
   135 | D:2      | Reached skill level 3 in Unarmed Combat
   177 | D:1      | Gained mutation: You have sharp toenails. [demonic ancestry]
   177 | D:1      | Reached XP level 2. HP: 18/21 MP: 3/5
   366 | D:2      | Learned a level 2 spell: Sticks to Snakes
   390 | D:2      | Noticed a bullfrog
   398 | D:2      | Killed a bullfrog
   398 | D:2      | Reached skill level 4 in Unarmed Combat
   398 | D:2      | Gained mutation: You have razor-sharp toenails. [demonic ancestry]
   398 | D:2      | Reached XP level 3. HP: 20/26 MP: 2/6
   398 | D:2      | Reached XP level 4. HP: 24/32 MP: 2/7
   428 | D:3      | Noticed Jessica
   437 | D:3      | Killed Jessica
   484 | D:3      | Reached XP level 5. HP: 36/37 MP: 2/8
   545 | D:4      | Reached skill level 1 in Armour
   560 | D:4      | Learned a level 3 spell: Spider Form
   576 | D:4      | Noticed a phantom
   626 | D:4      | Noticed Duvessa
   631 | D:4      | Noticed Dowan
   659 | D:4      | Slain by Duvessa

Skill      XL: |  1  2  3  4  5 |
---------------+----------------+-----
Unarmed Combat | 3 4 |  4.9
Transmutations | 2 |  2.1
Armour         | 1 |  1.0
Fighting       | |  1.7
Dodging        | |  1.7
Spellcasting   | |  2.0

Action                   |  1- 3 |  4- 6 || total
-------------------------+-------+-------++-------
Melee: Unarmed           |    59 |    43 ||   102
       Headbutt          |     5 |     8 ||    13
       Punch             |     1 |       ||     1
       Kick              |     7 |     6 ||    13
Throw: Tomahawk          |       |     6 ||     6
 Cast: Beastly Appendage |    11 |     8 ||    19
       Sticks to Snakes  |     1 |     2 ||     3
  Use: Potion            |       |     1 ||     1
Armor: Ring mail         |    30 |    16 ||    46
       Robe              |     7 |       ||     7
Dodge: Dodged            |    46 |    25 ||    71
